 Dungeon Crawl Stone Soup version 0.29-a0-284-gf9362112df (webtiles) character file.

Game seed: 6412988251528255007

956 spaghetti the Covert (level 7, 0/54 HPs)
             Began as a Deep Dwarf Delver on Mar 25, 2022.
             Was a Follower of Hepliaklqana.
             Slain by an orc warrior
             ... wielding a +0 long sword
              (11 damage)
             ... on level 7 of the Dungeon.
             The game lasted 00:07:19 (1715 turns).

spaghetti the Covert (Deep Dwarf Delver)            Turns: 1715, Time: 00:07:20

Health: 0/54       AC:  4    Str: 16    XL:     7   Next: 91%
Magic:  4/4        EV: 12    Int: 10    God:    Hepliaklqana [*.....]
Gold:   62         SH:  0    Dex: 22    Spells: 6/6 levels left

rFire   . . .      SeeInvis .   d - +2 whip (elec) {mace}
rCold   . . .      Faith    .   (no shield)
rNeg    . . .      Spirit   .   b - +0 leather armour
rPois   .          Reflect  .   (no helmet)
rElec   .          Harm     .   (no cloak)
rCorr   .          Rampage  .   (no gloves)
Will    +....                   f - +0 pair of boots
Stlth   ++++++....              (no amulet)
HPRegen 0.00/turn               j - +6 ring of dexterity
MPRegen 0.09/turn               (no ring)

@: no status effects
A: reduced essence, damage resistance, heal wounds, sense surroundings 1, no
regeneration
a: Heal Wounds, Renounce Religion, Recall Ancestor, Ancestor Identity


You were on level 7 of the Dungeon.
You worshipped Hepliaklqana.
Hepliaklqana was aware of your devotion.
You visited 1 branch of the dungeon, and saw 4 of its levels.

You collected 62 gold pieces.


Innate Abilities, Weirdness & Mutations

Your life essence is reduced to manifest your ancestor. (-10% HP)
You are resistant to damage.
You can heal yourself by infusing magical energy.
You passively map a small area around you.
You do not regenerate.


   Skills:
 - Level 2.6 Fighting
 - Level 1.7 Short Blades
 - Level 2.1 Dodging
 + Level 13.1 Stealth


You had 6 spell levels left.
You didn't know any spells.
Your spell library was empty.

Inventory:

Hand Weapons
 a - a +0 short sword {short}
 d - a +2 whip of electrocution (weapon) {mace}
   (You took it off an orc on level 4 of the Dungeon)
 h - a +3 dagger {short}
   (You found it on level 6 of the Dungeon)
Missiles
 e - 39 stones {throwing}
 m - 2 boomerangs {throwing}
Armour
 b - a +0 leather armour (worn)
 f - a +0 pair of boots (worn)
   (You found it on level 5 of the Dungeon)
 k - the +2 robe of the Iron City of Dis {rF+ Dex+3}
   (You found it on level 6 of the Dungeon)

   Dex:       It affects your dexterity (+3).
   rF:        It protects you from fire.
 l - a +0 pair of gloves
   (You found it on level 6 of the Dungeon)
Jewellery
 j - a +6 ring of dexterity (left hand)
   (You found it on level 5 of the Dungeon)
Wands
 g - a wand of digging (3)
Scrolls
 c - a scroll of fog
 i - 2 scrolls of identify {@r1}

Dungeon Overview and Level Annotations

Branches:
Dungeon (7/15)
 Temple: D:4-7

Altars:
Ashenzari
Hepliaklqana
Okawaru
Qazlal

Shops:
D:6 !

Annotations:
D:5 Edmund
D:7 exclusion: orc warrior

, * , , * , , , ,
* ,.######## * ,
...hhho@# * * *
*#######o# , #
##.##
#.#########...# ,
#...........#....#
####...####...####
#.........##
#...####### ##.##


You could see an orc warrior, 3 howler monkeys and an orc priest.


Message History

You swap places.
An orc warrior and an orc wizard come into view.
Press: ? - help, v - describe, . - travel
Here: an orc warrior, wielding a +0 scimitar and wearing a +0 chain mail (asleep)
The floor.
Placed new exclusion.
You swap places.
Found a stone staircase leading up.
There is a stone staircase leading up here.
There is a stone staircase leading up here.
An orc wizard comes into view. It is wielding a +0 dagger.
An orc warrior, an orc priest and 2 howler monkeys come into view.
The orc warrior shouts!
The orc wizard shouts!
The howler monkey howls!
You hear a howl!
A howler monkey comes into view.
The orc wizard closely misses you.
The howler monkey howls!
You hit the orc wizard.
The orc wizard hits you but does no damage.
You hit the orc wizard.
Lightning courses through the orc wizard!
You kill the orc wizard!
The howler monkey hoots and howls with incredible vigour!
The orc priest hits you with a +0 war axe.
You hear a shout! x3; You hear an angry hiss.
You hear a shout! 😕 HP[-1]
You take 1 damage, and now have 45/54 hp.
The howler monkey hoots and howls with incredible vigour!
The orc priest hits you with a +0 war axe.
The orc priest hits Zolin with a +0 war axe.
The howler monkey hoots and howls with incredible vigour!
Things that are here:
a +0 dagger {short}; a +0 robe; 😕 HP[-2]
You take 2 damage, and now have 43/54 hp.
You barely miss the orc priest.
Zolin closely misses the orc priest.
You hit the orc warrior.
The howler monkey hoots and howls with incredible vigour!
Zolin hits the orc warrior but does no damage.
You hear an angry hiss.
You hit the orc warrior but do no damage.
Zolin hits the orc warrior.
The orc warrior hits Zolin with a +0 long sword!
You hit the orc warrior but do no damage.
The howler monkey hoots and howls with incredible vigour!
Zolin hits the orc warrior but does no damage.
The orc priest invokes the aid of Beogh against you.
Beogh smites you!
The orc warrior barely misses Zolin. 😮 HP[-10]
You take 10 damage, and now have 33/54 hp.
You hit the orc warrior but do no damage.
Zolin closely misses the orc warrior.
The orc warrior hits Zolin with a +0 long sword!!
The howler monkey hoots and howls with incredible vigour!
You hear a shout! x2; You hear an angry hiss.
You hear a shout!
Unknown command.
You hit the orc warrior but do no damage.
Zolin barely misses the orc warrior.
The orc warrior hits you with a +0 long sword!!
* * * LOW HITPOINT WARNING * * *
😨 HP[-18]
You take 18 damage, and now have 15/54 hp.
MASSIVE DAMAGE!! (PAUSE)
You aren't carrying any potions.
Unknown command.
Your magical essence is drained by the effort!
You feel much better.
Zolin hits the orc warrior but does no damage.
The orc warrior barely misses you.
The howler monkey hoots and howls with incredible vigour! x2 😮 HP[+23] MP[-1]
You regained 23 hp, and now have 38/54 hp.
Unknown command.
You hit the orc warrior.
Lightning courses through the orc warrior!
Zolin closely misses the orc warrior.
The orc warrior hits Zolin with a +0 long sword!
Zolin is destroyed!
The howler monkey hoots and howls with incredible vigour!
You closely miss the orc warrior.
The orc warrior hits you with a +0 long sword!!
* * * LOW HITPOINT WARNING * * *
😨 HP[-17]
You take 17 damage, and now have 21/54 hp.
MASSIVE DAMAGE!! (PAUSE)
You closely miss the orc warrior.
The orc priest hits you with a +0 war axe.
The orc warrior barely misses you.
You hit the orc warrior.
The howler monkey hoots and howls with incredible vigour!
The orc priest calls upon Beogh to heal the orc warrior.
The orc warrior is healed somewhat.
The orc warrior hits you with a +0 long sword!
* * * LOW HITPOINT WARNING * * *
You hear a shout! x2 😱 HP[-10]
You take 10 damage, and now have 11/54 hp.
Unknown command.
You hit the orc warrior. The orc priest closely misses you.
The orc warrior hits you with a +0 long sword!
You die...

Skill      XL: |  1  2  3  4  5  6  7 |
---------------+----------------------+-----
Stealth        | 7 8 10 11 13 | 13.1
Fighting       | |  2.6
Short Blades   | |  1.7
Dodging        | |  2.1

Action                   |  1- 3 |  4- 6 |  7- 9 || total
-------------------------+-------+-------+-------++-------
Melee: Dagger            |    52 |    17 |       ||    69
       Whip              |       |    70 |    72 ||   142
       Punch             |       |     1 |     1 ||     2
 Abil: Heal Wounds       |     4 |     8 |    10 ||    22
  Use: Potion            |     1 |     1 |       ||     2
       Scroll            |     1 |     2 |       ||     3
 Stab: Sleeping          |     1 |     6 |     1 ||     8
Armor: Leather armour    |     7 |    23 |    11 ||    41
Dodge: Dodged            |    24 |    83 |    33 ||   140

Levels and vault maps discovered:
D:4:      layout_basic, mainiacjoe_overflow_chevrons, lemuel_round_altar,
          ashenzari_altar_1, temple_pool_b
D:5:      minmay_recursive_quarters, layout_basic,
          chequers_temple_overflow_statue_of_worship, feat_on_display,
          uniq_edmund
D:6:      layout_basic, serial_shops, shop, minivault_24, uniq_prince_ribbit1
D:7:      layout_loops_ring, okawaru_trees_1, kennysheep_generic_room_2,
          uniq_pikel, uniq_duvessa

Notes
Turn   | Place    | Note
-------+----------+-------------------------------------------
     0 | D:5      | spaghetti the Deep Dwarf Delver began the quest for the
                  | Orb.
     0 | D:5      | Reached XP level 1. HP: 20/20 MP: 1/1
     0 | D:5      | magus.rc [v1.9.6]
    13 | D:5      | Found a stormy altar of Qazlal.
    45 | D:5      | Found a hazy altar of Hepliaklqana.
    48 | D:5      | Reached XP level 2. HP: 27/27 MP: 2/2
   153 | D:5      | Became a worshipper of Hepliaklqana the Forgotten
   188 | D:5      | Reached skill level 7 in Stealth
   188 | D:5      | Reached XP level 3. HP: 33/33 MP: 2/2
   231 | D:5      | Noticed a necrophage
   279 | D:5      | Noticed Edmund
   333 | D:5      | Reached skill level 8 in Stealth
   333 | D:5      | Reached XP level 4. HP: 35/40 MP: 3/3
   414 | D:5      | HP: 9/40 [ufetubus (3)]
   583 | D:4      | Found a broken altar of Ashenzari.
   659 | D:5      | Reached XP level 5. HP: 19/46 MP: 4/4
   690 | D:5      | Noticed a centaur
   820 | D:5      | Reached skill level 9 in Stealth
   832 | D:5      | Noticed a sky beast
   840 | D:5      | Reached skill level 10 in Stealth
   850 | D:5      | HP: 11/46 [something (5)]
   852 | D:5      | HP: 4/46 [something (4)]
   864 | D:5      | HP: 11/46 [sky beast (5)]
   876 | D:5      | Killed a sky beast
   877 | D:5      | Reached XP level 6. HP: 22/55 MP: 5/5
   992 | D:6      | Noticed an ice beast
  1008 | D:6      | Reached skill level 11 in Stealth
  1012 | D:6      | HP: 8/55 [ice beast (12)]
  1013 | D:6      | Killed an ice beast
  1014 | D:6      | Reached XP level 7. HP: 9/61 MP: 5/5
  1018 | D:6      | Found Luadadoa's Distillery.
  1027 | D:6      | Reached * piety under Hepliaklqana
  1033 | D:6      | Identified the +2 robe of the Iron City of Dis {rF+ Dex+3}
  1273 | D:6      | HP: 12/54 [orc priest/divine providence (12)]
  1283 | D:6      | Reached skill level 12 in Stealth
  1398 | D:6      | Noticed Prince Ribbit
  1413 | D:6      | HP: 8/54 [Prince Ribbit (14)]
  1444 | D:6      | HP: 12/54 [Prince Ribbit (2)]
  1446 | D:6      | HP: 5/54 [Prince Ribbit (12)]
  1462 | D:6      | Killed Prince Ribbit
  1463 | D:6      | Reached skill level 13 in Stealth
  1617 | D:7      | Found an iron altar of Okawaru.
  1714 | D:7      | HP: 11/54 [orc warrior/+0 long sword (10)]
  1715 | D:7      | Slain by an orc warrior

Vanquished Creatures
  Prince Ribbit (D:6)
  A sky beast (D:5)
  An ice beast (D:6)
  A phantom (D:6)
  A scorpion (D:6)
  2 necrophages (D:5)
  A hound (D:5)
  2 orc priests
  3 iguanas
  2 orc wizards
  2 adders
  A shadow imp (D:6)
  A white imp (D:6)
  An ufetubus (D:4)
  7 orcs
  A ball python (D:4)
  2 hobgoblins (D:4)
  A kobold (D:4)
  A quokka (D:5)
32 creatures vanquished.

Vanquished Creatures (collateral kills)
  2 orc wizards (D:6)
  An orc (D:6)
3 creatures vanquished.

Vanquished Creatures (others)
  2 ancestors
  6 fungi (D:4)
8 creatures vanquished.

Grand Total: 43 creatures vanquished

Table legend:
 A = Non-vault XP
 B = Vault XP
 C = Vault XP percentage of total XP
 D = Non-vault monster count
 E = Vault monster count
 F = Vault count percentage of total count
                 A         B        C        D         E       F
            +---------+---------+-------+---------+---------+-------
      Total |     782 |     584 |  42.8 |      30 |       5 |  14.3
            +---------+---------+-------+---------+---------+-------
        D:4 |      19 |       0 |   0.0 |       6 |       0 |   0.0
        D:5 |     179 |     307 |  63.2 |       8 |       4 |  33.3
        D:6 |     551 |     277 |  33.5 |      15 |       1 |   6.2
        D:7 |      33 |       0 |   0.0 |       1 |       0 |   0.0
            +---------+---------+-------+---------+---------+-------

Illustrated notes

Table legend:
 A = Kills in this place as a percentage of kills in entire the game.
 B = Kills by you in this place as a percentage of kills by you in the entire game.
 C = Kills by friends in this place as a percentage of kills by friends in the entire game.
 D = Other kills in this place as a percentage of other kills in the entire game.
 E = Experience gained in this place as a percentage of experience gained in the entire game.
 F = Experience gained in this place divided by the number of levels of this place that you have seen.
                   A       B       C       D       E      F
               +-------+-------+-------+-------+-------+----------------------
         Total | 100.0 | 100.0 | 100.0 |   N/A | 100.0 | 341.5
       Dungeon | 100.0 | 100.0 | 100.0 |   N/A | 100.0 | 341.5
               +-------+-------+-------+-------+-------+----------------------

Table legend: (Time is in decaauts)
 A = Elapsed time spent in this place.
 B = Non-inter-level travel time spent in this place.
 C = Inter-level travel time spent in this place.
 D = Time resting spent in this place.
 E = Time spent auto-exploring this place.
 F = Levels seen in this place.
 G = Mean time per level.
                   A        B        C        D        E       F      G
               +--------+--------+--------+--------+--------+-----+--------+
         Total |   1703 |   1583 |    120 |    302 |    568 |   4 |  425.8 |
       Dungeon |   1703 |   1583 |    120 |    302 |    568 |   4 |  425.8 |
               +--------+--------+--------+--------+--------+-----+--------+

Top non-repeatable levels by time:
     D:5: 682 daAuts
     D:6: 672 daAuts
     D:4: 216 daAuts
     D:7: 131 daAuts
